Map: Tokamak LE

Players

Sindyr - Winner!

  • Race: Zerg Zerg
  • League: Master
  • Spawn Location: 1:00

Леон

  • Race: Terran Terran
  • League: Gold
  • Spawn Location: 7:00

VOD

Have the link to the VOD?

Description

Time

  • Played on: Oct. 27, 2025, 4:39 a.m.
  • Length: 18:40
Show
View Real Time Build Order
Export as new Build Order

Sindyr Zerg - Winner!

Build Orders: Pool First, Roach Hydra 

Get SALT Encoding   

  12  0:06  Drone  
  13  0:11  Drone  
  14  0:16  Overlord  
  14  0:20  Extractor  
  13  0:24  Drone  
  14  0:30  Extractor, Drone  
  16  0:47  Spawning Pool  
  16  0:49  Drone  
  16  0:58  Drone  
  17  1:14  Hatchery  
  16  1:27  Drone  
  16  1:29  Extractor  
  16  1:37  Zergling x4  
  18  1:41  Zergling x2  
  18  1:42  Queen  
  21  1:49  Overlord  
  21  2:04  Drone  
  22  2:14  Drone  
  23  2:27  Queen  
  25  2:33  Metabolic Boost  
  25  2:36  Drone  
  28  2:37  Drone x2  
  28  2:40  Drone  
  29  2:46  Queen  
  32  2:51  Drone  
  32  2:54  Drone  
  33  3:02  Overlord  
  33  3:13  Drone x3  
  36  3:44  Drone x2  
  36  3:45  Drone x3  
  36  3:46  Overlord  
  41  3:52  Overlord  
  41  3:53  Hatchery  
  41  3:55  Lair  
  40  3:59  Extractor  
  40  4:02  Extractor  
  38  4:21  Drone x3  
  41  4:24  Zergling x2  
  41  4:25  Zergling x14  
  41  4:28  Evolution Chamber  
  49  4:31  Drone  
  49  4:42  Drone x3  
  52  4:49  Drone  
  52  4:51  Drone x5  
  58  4:59  Hydralisk Den  
  57  5:00  Zerg Missile Weapons Level 1  
  57  5:03  Drone  
  58  5:10  Queen  
  60  5:15  Extractor  
  59  5:32  Evolution Chamber  
  59  5:34  Muscular Augments  
  58  5:50  Drone  
  58  5:51  Drone x5  
  58  5:55  Overlord x2  
  64  5:59  Zerg Ground Armor Level 1  
  64  6:07  Roach Warren, Extractor  
  62  6:26  Zergling x20  
  62  6:27  Zergling x16  
  70  7:02  Zerg Missile Weapons Level 2  
  70  7:04  Grooved Spines  
  70  7:08  Glial Reconstitution  
  70  7:10  Overlord x4  
  70  7:12  Overseer  
  70  7:18  Overlord  
  70  7:19  Overlord x2  
  70  7:21  Overlord  
  70  7:25  Infestation Pit, Drone x2  
  70  7:26  Drone  
  72  7:31  Queen  
  72  7:33  Overseer  
  74  7:37  Pneumatized Carapace  
  74  8:06  Zerg Ground Armor Level 2  
  74  8:09  Hive  
  74  8:13  Hydralisk x4, Roach  
  74  8:14  Hydralisk x3, Roach x6  
  74  8:15  Roach x3  
  74  8:16  Roach  
  110  8:57  Tunneling Claws  
  110  8:59  Hatchery  
  101  9:08  Hydralisk  
  101  9:09  Hydralisk x8  
  55  9:44  Drone  
  55  9:45  Drone x20  
  66  9:50  Drone  
  49  10:10  Drone x6  
  49  10:12  Drone  
  56  10:20  Queen  
  58  10:27  Drone x4  
  62  10:29  Drone  
  62  10:30  Drone  
  62  10:32  Drone  
  65  10:45  Extractor  
  64  10:52  Zerg Missile Weapons Level 3, Zerg Ground Armor Level 3  
  64  11:04  Drone x2  
  64  11:06  Drone  
  67  11:13  Roach x10  
  67  11:14  Roach  
  89  11:30  Roach x7  
  103  11:33  Roach  
  105  11:47  Overlord x4  
  105  11:50  Drone x4  
  81  12:10  Zergling x26  
  78  12:24  Zergling x2  
  78  12:25  Zergling x10  
  84  12:32  Zergling x6  
  74  12:37  Roach  
  74  12:46  Roach x8  
  87  12:56  Roach  
  87  12:57  Roach x4  
  83  13:01  Roach  
  85  13:06  Roach  
  75  13:20  Queen  
  75  13:23  Roach x4  
  75  13:26  Roach x4  
  93  13:32  Roach x2  
  93  13:33  Roach x2  
  101  13:40  Roach  
  89  13:52  Roach x3  
  89  13:54  Hydralisk x3  
  91  14:12  Roach  
  91  14:13  Roach x8  
  89  14:22  Roach x3  
  77  14:35  Hydralisk Den  
  77  14:38  Ultralisk Cavern  
  73  14:41  Roach x9  
  81  14:49  Zergling x4, Roach x2  
  81  15:13  Hydralisk  
  81  15:14  Hydralisk x9  
  93  15:40  Ultralisk  
  93  15:41  Ultralisk x2  
  93  15:42  Ultralisk  
  117  16:07  Hatchery  
  116  16:14  Extractor  
  116  16:15  Chitinous Plating  
  116  16:16  Extractor  
  114  16:28  Adrenal Glands  
  114  16:29  Zerg Melee Weapons Level 1  
  114  16:43  Drone x3  
  117  16:58  Ultralisk  
  117  17:01  Zergling x28  
  124  17:03  Hatchery  
  136  17:27  Queen  
  136  17:29  Overlord  
  138  17:30  Overlord x2  
  106  17:58  Roach  
  106  17:59  Roach x15  
  106  18:00  Roach  
Show
View Real Time Build Order
Export as new Build Order

Леон Terran 

Build Orders:  

Get SALT Encoding   

  12  0:02  SCV  
  13  0:18  Supply Depot  
  13  0:22  Refinery  
  13  0:31  SCV  
  14  0:43  SCV  
  14  0:47  Barracks  
  15  1:08  Barracks  
  14  1:15  SCV  
  14  1:16  Refinery  
  15  1:27  SCV  
  16  1:39  SCV  
  17  1:42  Reaper  
  18  1:52  Orbital Command  
  18  2:00  Reaper  
  19  2:04  Supply Depot  
  19  2:14  Reaper  
  20  2:21  Factory  
  20  2:30  Supply Depot  
  20  3:10  Reaper x2  
  20  3:12  Factory Tech Lab  
  22  3:19  SCV  
  23  3:20  Engineering Bay  
  23  3:31  SCV  
  24  3:39  Starport  
  24  3:42  Reaper x2  
  24  3:43  SCV  
  27  3:48  Supply Depot  
  28  3:55  SCV  
  28  4:02  Siege Tank  
  31  4:07  SCV  
  31  4:09  Supply Depot  
  32  4:14  Reaper x2  
  34  4:19  SCV  
  35  4:53  Starport Reactor  
  35  4:55  Command Center  
  35  4:56  Reaper x2  
  37  5:25  Cyclone  
  40  5:28  Reaper x2  
  42  5:48  Supply Depot  
  42  5:55  Terran Infantry Weapons Level 1  
  42  5:57  Cyclone  
  42  6:00  Marine x2  
  47  6:18  Marine x2  
  47  6:19  Command Center  
  47  6:24  Factory  
  47  6:36  Marine x2  
  38  7:08  Liberator x2  
  44  7:11  Marine x2  
  44  7:15  Factory Tech Lab  
  46  7:29  SCV, Marine x2  
  49  7:39  Orbital Command  
  49  7:41  SCV  
  50  7:47  Marine x2  
  50  7:50  Liberator  
  55  7:53  SCV  
  55  7:54  Hi-Sec Auto Tracking  
  56  8:05  SCV x2, Marine x2  
  60  8:10  Planetary Fortress  
  60  8:17  SCV x2  
  62  8:22  Marine  
  62  8:23  Marine  
  64  8:29  SCV x2  
  64  8:32  Missile Turret  
  64  8:33  Armory  
  66  8:34  Missile Turret  
  66  8:37  Missile Turret, Supply Depot  
  66  8:41  SCV x2  
  68  8:53  SCV x2  
  70  8:56  Marine x2  
  70  9:01  Supply Depot, Hellion x2  
  76  9:14  Marine x2  
  78  9:22  Hellion  
  78  9:23  Hellion  
  74  9:31  Marine  
  74  9:32  Marine  
  74  9:36  Orbital Command  
  68  9:44  Hellion  
  61  9:49  Marine x2  
  59  10:02  Siege Tank  
  59  10:05  Siege Tank  
  65  10:07  SCV x2  
  65  10:08  SCV  
  69  10:19  Barracks Tech Lab, SCV x2  
  69  10:20  SCV  
  71  10:25  Refinery  
  71  10:26  Barracks Reactor  
  71  10:31  SCV  
  71  10:32  SCV  
  71  10:35  Siege Tank  
  76  10:37  Siege Tank  
  76  10:39  Refinery  
  79  10:47  Medivac  
  79  10:49  Marine  
  82  11:07  Marine, Siege Tank, Refinery  
  82  11:08  SCV  
  82  11:09  SCV x2, Hellion, Refinery  
  91  11:14  Marine x2  
  93  11:20  SCV  
  93  11:21  SCV x2  
  93  11:24  Marine  
  97  11:31  Hellion  
  97  11:32  Marine x2, SCV  
  101  11:39  Hellion  
  104  11:42  Marine  
  104  11:44  SCV  
  106  11:50  Marine x2  
  108  12:00  Marine, Hellion  
  108  12:02  Hellion  
  108  12:08  Marine x2  
  93  12:18  Marine  
  94  12:36  Marine, Stimpack  
  95  12:37  Marine x2  
  95  12:38  Medivac x2  
  101  12:53  Marine  
  101  12:55  Marine x2  
  100  13:08  Medivac x2  
  100  13:11  Marine  
  105  13:13  Marine x2  
  107  13:26  SCV  
  108  13:29  Marine  
  109  13:41  Marine, Medivac  
  109  13:42  Marine  
  109  13:58  Supply Depot  
  109  14:00  Supply Depot, Marine x3, SCV, Siege Tank x2  
  109  14:01  Supply Depot  
  119  14:08  Supply Depot  
  114  14:12  SCV  
  114  14:16  Combat Shield  
  103  14:18  Marine x3  
  100  14:24  SCV  
  100  14:28  Terran Infantry Weapons Level 2  
  100  14:31  Medivac x2  
  97  14:32  Siege Tank x2  
  97  14:35  Marine  
  97  14:36  Marine x2, SCV  
  96  14:53  Marine  
  96  14:54  Marine x2  
  99  15:01  Medivac  
  99  15:04  Thor, Siege Tank  
  104  15:11  Marine  
  104  15:12  Marine x2  
  95  15:29  Marine x3  
  90  15:36  Thor  
  96  15:47  Marine x3, Hellion  
  101  16:05  Marine x3, SCV  
  101  16:09  Hellion  
  101  16:11  Command Center, SCV  
  108  16:14  SCV  
  108  16:17  SCV, Refinery x2  
  110  16:20  Hellion  
  110  16:22  Marine  
  110  16:23  Marine x2, SCV  
  116  16:26  SCV  
  116  16:29  SCV  
  116  16:30  Hellion  
  120  16:35  SCV  
  120  16:38  SCV  
  122  16:40  Marine  
  122  16:41  Marine, SCV, Hellion  
  122  16:45  Terran Infantry Armor Level 1  
  127  16:47  SCV  
  127  16:50  Marine, SCV  
  127  16:51  Thor  
  127  16:53  SCV  
  137  16:56  Liberator  
  137  16:58  Marine  
  137  16:59  Marine, SCV  
  143  17:02  Missile Turret, Thor, SCV  
  143  17:03  Missile Turret x2  
  143  17:08  Marine  
  151  17:16  Marine  
  152  17:33  Missile Turret  
  152  17:34  Hellion  
  154  17:40  Planetary Fortress  
  154  17:45  Sensor Tower, Hellion  
  154  17:49  Sensor Tower  
  154  17:56  Hellion  
  127  17:59  Marine x3  
  80  18:06  Hellion  
  67  18:17  Marine, Hellion  
Tags
 
Composition
Roach Hydra
Matchup
TvZ
Opening
Pool First
Replay Pack
Multiplayer
Spawn Locations
Cross Positions
Add a new tag
Caveats
  • Supply blocks, unpowered buildings, or Contaminate may cause inaccurate times.
  • Supply counts are checked every 10 seconds.